 Dungeon Crawl Stone Soup version 0.23.1 (webtiles) character file.

Game seed: 16657838029343029408

207 PentaManta the Bolt Thrower (level 6, -4/36 HPs)
             Began as a Kobold Hunter on Mar 16, 2019.
             Slain by an orc warrior
             ... wielding a +0 short sword
              (17 damage)
             ... on level 3 of the Dungeon.
             The game lasted 00:11:09 (3330 turns).

PentaManta the Bolt Thrower (Kobold Hunter)         Turns: 3330, Time: 00:11:10

Health: -4/36      AC:  4    Str: 11    XL:     6   Next: 10%
Magic:  6/6        EV: 16    Int: 12    God:
Gold:   129        SH:  0    Dex: 16    Spells: 5/5 levels left

rFire    + . .     SeeInvis .   a - +1 hand crossbow
rCold    . . .     Gourm    .   (shield restricted)
rNeg     . . .     Faith    .   c - +0 leather armour
rPois    .         Spirit   .   k - +0 helmet
rElec    .         Reflect  .   (no cloak)
rCorr    .         Harm     .   (no gloves)
MR       .....                  (no boots)
Stlth    ++........             (no amulet)
HPRegen  0.12/turn              m - ring of protection from fire
MPRegen  0.10/turn              (no ring)

@: very slightly contaminated, starving, invisible
A: small, carnivore
a: no special abilities


You were on level 3 of the Dungeon.
You were starving.

You visited 1 branch of the dungeon, and saw 3 of its levels.

You collected 129 gold pieces.

Inventory:

Hand Weapons
 a - a +1 hand crossbow (weapon)
 b - a +0 short sword
Missiles
 d - a tomahawk
 l - 91 stones
 r - 9 bolts (quivered)
Armour
 c - a +0 leather armour (worn)
 k - a +0 helmet (worn)
Jewellery
 m - a ring of protection from fire (left hand)
 s - an uncursed ring of fire {unknown}
Scrolls
 g - a scroll of blinking {unknown}
 h - 3 scrolls of teleportation {unknown}
 j - 4 scrolls of identify {unknown}
 n - a scroll of immolation {unknown}
 t - a scroll of enchant armour {unknown}
Potions
 i - a potion of invisibility
 o - a potion of degeneration {unknown}
 p - a potion of flight {unknown}
 q - a potion of ambrosia {unknown}
Comestibles
 f - 6 rations


   Skills:
 - Level 2.3 Fighting
 * Level 7.5 Crossbows
 + Level 4.1 Dodging
 - Level 1.3 Stealth


You had 5 spell levels left.
You didn't know any spells.
Your spell library was empty.

Dungeon Overview and Level Annotations

Branches:
Dungeon (3/15)

Altars:
Ashenzari
Cheibriados
Dithmenos


Innate Abilities, Weirdness & Mutations

You are small and have problems with some larger weapons.
You are carnivorous and can eat meat at any time.


Message History

Things that are here:
2 tomahawks; 2 bolts
r - 4 bolts (gained 2)
The orc warrior barely misses you.
You see here a bolt.
r - 5 bolts (gained 1)
The orc warrior closely misses you.
You see here 2 bolts.
r - 7 bolts (gained 2)
The orc warrior barely misses you.
You see here a bolt.
r - 8 bolts (gained 1)
The orc warrior hits you with a +0 short sword!
Items here: ( ) [ รท a bolt; a +0 dagger; a +0 robe; an orc skeleton
r - 9 bolts (gained 1)
The orc warrior hits you but does no damage.
You see here a tomahawk.
The orc warrior hits you with a +0 short sword!
You die...

##.##..#.#..# #.##...## #.
#..#.#..#####.##...# ..
#.............##...# #.
#.......####<.##...# #
####.#..# #.###...# #.#..#
##.###...# #.#..#
#........## #.#..#
#..........
#####@#..###...###..##
#...((o...(.........#
#.####.###%.#.#.#...######
#..[...# #.##.......#
...####.###..###.#.......
#..............####
########.###.#.# ### #.#.#
#.#.#


You could see an orc warrior.

Vanquished Creatures
  A crimson imp (D:3)
  An orc wizard (D:3)
  Robin (D:2)
  A gnoll (D:2)
  4 adders
  An ooze (D:1)
  An adder zombie (D:3)
  A worm (D:2)
  3 leopard geckos
  4 orcs (D:3)
  A bat (D:1)
  3 giant cockroaches
  12 goblins
  15 hobgoblins
  2 jackals (D:2)
  A quokka (D:3)
  7 frilled lizards
  3 kobolds
  6 rats
68 creatures vanquished.

Notes
Turn   | Place    | Note
-------+----------+-------------------------------------------
     0 | D:1      | PentaManta the Kobold Hunter began the quest for the Orb.
     0 | D:1      | Reached XP level 1. HP: 12/12 MP: 1/1
    72 | D:1      | Reached skill level 5 in Crossbows
   364 | D:1      | Reached XP level 2. HP: 18/18 MP: 2/2
   495 | D:1      | Reached XP level 3. HP: 22/22 MP: 3/3
  1015 | D:2      | Reached skill level 6 in Crossbows
  1019 | D:2      | Noticed Robin
  1163 | D:2      | Killed Robin
  1163 | D:2      | Reached XP level 4. HP: 27/27 MP: 4/4
  1480 | D:2      | Found a snail-covered altar of Cheibriados.
  1668 | D:2      | Found a shadowy altar of Dithmenos.
  2301 | D:2      | Reached XP level 5. HP: 31/31 MP: 5/5
  2327 | D:2      | Found a shattered altar of Ashenzari.
  2586 | D:3      | Reached skill level 7 in Crossbows
  3076 | D:3      | Noticed an orc warrior
  3080 | D:3      | Reached XP level 6. HP: 21/36 MP: 6/6
  3330 | D:3      | Slain by an orc warrior

Skill      XL: |  1  2  3  4  5 |
---------------+----------------+-----
Crossbows      | 5 6 7 |  7.5
Dodging        | 3 4 |  4.1
Fighting       | |  2.3
Stealth        | |  1.3

Action                   |  1- 3 |  4- 6 || total
-------------------------+-------+-------++-------
Melee: Short sword       |    10 |    19 ||    29
 Fire: Hand crossbow     |    69 |    92 ||   161
Throw: Stone             |       |    10 ||    10
       Tomahawk          |       |     5 ||     5
  Use: Potion            |       |     2 ||     2
  Eat: Chunk             |       |     5 ||     5
Armor: Leather armour    |     5 |    14 ||    19
Dodge: Dodged            |    19 |    64 ||    83
